 Dungeon Crawl Stone Soup version 0.21.1-1-g345015f (webtiles) character file.

270 infcreate the Chopper (level 6, -6/53 HPs)
             Began as a Minotaur Fighter on May 3, 2018.
             Killed by nerve-wracking pain
             ... invoked by Grinder
              (14 damage)
             ... on level 3 of the Dungeon.
             The game lasted 00:09:42 (1852 turns).

infcreate the Chopper (Minotaur Fighter)            Turns: 1852, Time: 00:09:43

Health: -6/53      AC:  7    Str: 22    XL:     6   Next: 1%
Magic:  5/5        EV:  7    Int:  5    God:
Gold:   86         SH: 10    Dex: 10    Spells: 5/5 levels left

rFire    . . .     SeeInvis .   a - +0 war axe
rCold    . . .     Gourm    .   c - +0 shield
rNeg     . . .     Faith    .   b - +0 scale mail
rPois    .         Spirit   .   (helmet restricted)
rElec    .         Reflect  .   (no cloak)
rCorr    .         Harm     .   (no gloves)
MR       .....                  (no boots)
Stlth    ..........             (no amulet)
HPRegen  0.17/turn              (no ring)
MPRegen  0.09/turn              (no ring)

@: about to teleport
A: retaliatory headbutt, horns 2
a: no special abilities


You were on level 3 of the Dungeon.
You were hungry.

You visited 1 branch of the dungeon, and saw 4 of its levels.

You collected 86 gold pieces.

Inventory:

Hand Weapons
 a - a +0 war axe (weapon)
 p - a +0 hand axe of chopping
Armour
 b - a +0 scale mail (worn)
 c - a +0 shield (worn)
Jewellery
 n - an uncursed ring of resist corrosion {unknown}
Scrolls
 e - a scroll of remove curse
 l - a scroll of blinking
Potions
 d - a potion of might
 g - a potion of agility {unknown}
 j - a potion of lignification {unknown}
 q - a potion of heal wounds {unknown}
Comestibles
 f - 3 rations
 o - 4 chunks of flesh


   Skills:
 + Level 4.6 Fighting
 + Level 5.2 Axes
 + Level 4.8 Armour
 + Level 5.0 Shields


You had 5 spell levels left.
You didn't know any spells.

Dungeon Overview and Level Annotations

Branches:
Dungeon (4/15)
 Temple: D:4-7

Altars:

Annotations:
D:3 Grinder


Innate Abilities, Weirdness & Mutations

You reflexively headbutt those who attack you in melee.
You have a pair of horns on your head.


Message History

Grinder hits you.
You writhe in agony.
* * * LOW HITPOINT WARNING * * *
As you read the scroll labeled BEMOHY ZOUKIM, it crumbles to dust.
It is a scroll of identify.
l - a scroll of blinking The orc hits you with a flail.
* * * LOW HITPOINT WARNING * * *
You block the kobold's attack. The hobgoblin barely misses you.
Grinder gestures at you. Pain shoots through your body!
* * * LOW HITPOINT WARNING * * *
As you read the scroll labeled ELEBIS TIUW, it crumbles to dust.
You feel strangely unstable.
It was a scroll of teleportation.
You block the orc's attack. The kobold closely misses you.
You furiously retaliate!
You headbutt the kobold.
You kill the kobold!
The hobgoblin hits you but does no damage.
Grinder gestures at you. Pain shoots through your body!
You die...

########## ********
#.....@.g# *,,,,,,*
####....5og.#######,,,,,,*
#..'......†!'......,,,,,,,
#.##........#######,,,,,,,
#.##........# ****,,,,,,,
#.########### *,,,,,,,,,,
#g# *,,,,,,,,,, #.#
*,,,,*****, #?# *,,,,* *,


You could see Grinder, an orc, a hobgoblin and a goblin.

Vanquished Creatures
  An ogre (D:4)
  A hound (D:3)
  An orc wizard (D:4)
  Terence (D:2)
  2 adders (D:2)
  An ooze (D:4)
  2 worms (D:2)
  A dart slug (D:2)
  3 leopard geckos (D:1)
  2 orcs (D:4)
  A giant cockroach (D:2)
  12 goblins
  15 hobgoblins
  9 kobolds
  A quokka (D:2)
  A ball python (D:3)
  8 bats
  3 frilled lizards
  6 rats
71 creatures vanquished.

Notes
Turn   | Place    | Note
-------+----------+-------------------------------------------
     0 | D:1      | infcreate the Minotaur Fighter began the quest for the Orb.
     0 | D:1      | Reached XP level 1. HP: 19/19 MP: 0/0
    97 | D:1      | Reached XP level 2. HP: 18/27 MP: 1/1
   624 | D:1      | Reached XP level 3. HP: 33/33 MP: 2/2
   927 | D:2      | Found a faded altar of an unknown god.
  1121 | D:2      | Reached XP level 4. HP: 40/40 MP: 3/3
  1139 | D:2      | Noticed Terence
  1152 | D:2      | Killed Terence
  1624 | D:2      | You fall through a shaft for 2 floors!
  1624 | D:4      | Noticed an ogre
  1631 | D:4      | Killed an ogre
  1631 | D:4      | Reached XP level 5. HP: 47/47 MP: 4/4
  1664 | D:4      | Reached skill level 5 in Axes
  1664 | D:4      | Reached skill level 5 in Shields
  1671 | D:4      | Noticed Grinder
  1698 | D:3      | Reached XP level 6. HP: 13/53 MP: 5/5
  1852 | D:3      | Killed from afar by Grinder

Skill      XL: |  1  2  3  4  5 |
---------------+----------------+-----
Armour         | 4 |  4.8
Shields        | 4 5 |  5.0
Axes           | 3 4 5 |  5.2
Fighting       | 4 |  4.6

Action                   |  1- 3 |  4- 6 || total
-------------------------+-------+-------++-------
Melee: War axe           |   119 |    87 ||   206
       Headbutt          |    12 |    14 ||    26
  Use: Scroll            |       |     5 ||     5
  Eat: Chunk             |     1 |     2 ||     3
Armor: Scale mail        |    53 |    38 ||    91
Dodge: Dodged            |    39 |    32 ||    71
Block: Shield            |    61 |    82 ||   143
